 Dungeon Crawl Stone Soup version 0.28.0-43-g3370ac3207 (webtiles) character file.

Game seed: 14064446539454336018

422 adizb the Ruffian (level 6, -5/61 HPs)
             Began as a Troll Monk on Mar 27, 2022.
             Slain by Blork the orc
             ... wielding a +4 halberd of venom
              (16 damage)
             ... on level 4 of the Dungeon.
             The game lasted 00:09:14 (1745 turns).

adizb the Ruffian (Troll Monk)                      Turns: 1745, Time: 00:09:14

Health: -5/61      AC:  4    Str: 22    XL:     6   Next: 63%
Magic:  5/5        EV: 10    Int:  6    God:
Gold:   105        SH:  0    Dex: 12    Spells: 5/5 levels left

rFire   . . .      SeeInvis .     - Unarmed
rCold   . . .      Faith    .   (no shield)
rNeg    . . .      Spirit   .   a - +0 robe
rPois   .          Reflect  .   (helmet restricted)
rElec   .          Harm     +   b - scarf {harm}
rCorr   .          Rampage  .   (gloves unavailable)
Will    .....                   (boots unavailable)
Stlth   ++........              (no amulet)
HPRegen 1.00/turn               (no ring)
MPRegen 0.09/turn               (no ring)

@: lethally poisoned (-5 -> -22), unable to read
A: large, unfitting armour, claws 3, regeneration 1, shaggy fur 1, tough skin 1,
inability to read while threatened
a: no special abilities


You were on level 4 of the Dungeon.
You visited 1 branch of the dungeon, and saw 4 of its levels.

You collected 105 gold pieces.

Inventory:

Missiles
 i - 8 boomerangs (quivered)
Armour
 a - a +0 robe (worn)
 b - a scarf of harm (worn)
 d - a +0 cloak
Jewellery
 k - an amulet of magic regeneration
Scrolls
 f - a scroll of noise {unknown}
 g - a scroll of magic mapping
 h - a scroll of amnesia {unknown}
 j - 4 scrolls of vulnerability {unknown}
Potions
 e - a potion of haste
 m - a potion of curing


   Skills:
 + Level 3.5 Fighting
 + Level 2.0 Throwing
 + Level 3.6 Dodging
 - Level 1.1 Stealth
 * Level 5.3 Unarmed Combat


You had 5 spell levels left.
You didn't know any spells.
Your spell library contained the following spells:

 Spells                   Type           Power      Damage    Failure   Level
 Blink                    Tloc           0%         N/A       58%         2
 Lesser Beckoning         Tloc           0%         N/A       83%         3
 Manifold Assault         Tloc           0%         N/A       100%        5


Dungeon Overview and Level Annotations

Branches:
Dungeon (4/15)
 Temple: D:4-7

Altars:

Shops:
D:1 *   D:4 =

Annotations:
D:4 Blork the orc


Innate Abilities, Weirdness & Mutations

You are too large for most types of armour.
You have claws for hands.
Your natural rate of healing is unusually fast.
You are covered in fur. (AC +1)
You have tough skin. (AC +1)
You sometimes lose the ability to read scrolls when taking damage.


Message History

The quokka bites you but does no damage.
You scratch the quokka but do no damage.
The quokka is heavily wounded.
The quokka closely misses you.
You scratch the quokka.
The quokka is severely wounded.
The quokka bites you but does no damage.
The quokka bites you.
You scratch the quokka.
You kill the quokka!
j - 4 scrolls labelled MONASI SUNT (gained 2) Blork the orc hits you with a +4 halberd of venom!
You are poisoned.
You closely miss Blork the orc.
You feel very sick.
Blork the orc screams, "I'll crush all your ribs!
One by one!"
Blork the orc mumbles some strange words.
Blork the orc seems to speed up.
You claw Blork the orc!
Blork the orc is heavily wounded.
You feel very sick. Blork the orc closely misses you.
You barely miss Blork the orc.
Blork the orc is heavily wounded.
You feel very sick.
Blork the orc hits you with a +4 halberd of venom!
You feel threatened and lose the ability to read scrolls!
* * * LOW HITPOINT WARNING * * *
Blork the orc closely misses you.
You feel much better.
You feel very sick.
Blork the orc hits you with a +4 halberd of venom!!
* * * LOW HITPOINT WARNING * * *
You are lethally poisoned!
You barely miss Blork the orc.
Blork the orc is heavily wounded.
* * * LOW HITPOINT WARNING * * *
You feel extremely sick.
Blork the orc hits you with a +4 halberd of venom!
You die...

<# #...#.# .#
#.....# ## #..####
# #####..##### #
#.(....†...# #
#.###..###.# # #.#
#..# #.# #
#.###..###.#####.
#
#.......o@........
#
#.###.............
# #.#
#..###.####.#. #
##.###..# #.# ..
#######...## ...
..........# ....
#######...# #.##
##...... .#
#######


You could see Blork the orc (fast).

Vanquished Creatures
  Grinder (D:3)
  An orc priest (D:3)
  Jessica (D:3)
  2 orc wizards
  4 gnolls (D:2)
  An adder (D:2)
  3 dart slugs
  10 orcs
  4 bats
  6 endoplasms
  3 giant cockroaches
  6 goblins
  3 hobgoblins
  3 jackals (D:3)
  3 kobolds
  4 quokkas
  A ball python (D:1)
  4 frilled lizards
  5 rats
65 creatures vanquished.

Vanquished Creatures (others)
  3 plants (D:2)
3 creatures vanquished.

Grand Total: 68 creatures vanquished

Notes
Turn   | Place    | Note
-------+----------+-------------------------------------------
     0 | D:1      | adizb the Troll Monk began the quest for the Orb.
     0 | D:1      | Reached XP level 1. HP: 22/22 MP: 0/0
    74 | D:1      | Found a faded altar of an unknown god.
   118 | D:1      | Found Tongoep's General Store.
   317 | D:1      | Reached XP level 2. HP: 26/29 MP: 1/1
   604 | D:2      | Reached XP level 3. HP: 36/36 MP: 2/2
   648 | D:2      | Reached XP level 4. HP: 40/44 MP: 3/3
   679 | D:2      | Reached skill level 4 in Unarmed Combat
  1048 | D:3      | Noticed Grinder
  1056 | D:3      | Paralysed by Grinder for 7 turns
  1072 | D:3      | Killed Grinder
  1073 | D:3      | Reached skill level 1 in Throwing
  1073 | D:3      | Reached XP level 5. HP: 47/53 MP: 4/4
  1073 | D:3      | Reached XP level 6. HP: 54/61 MP: 5/5
  1165 | D:3      | Noticed Jessica
  1176 | D:3      | Reached skill level 5 in Unarmed Combat
  1178 | D:3      | Killed Jessica
  1189 | D:3      | Gained mutation: You sometimes lose the ability to read
                  | scrolls when taking damage. [potion of mutation]
  1714 | D:4      | Found Qeippe Kulut's Jewellery Shoppe.
  1725 | D:4      | Noticed Blork the orc
  1745 | D:4      | Slain by Blork the orc

Illustrated notes

Levels and vault maps discovered:
D:1:      erik_arrival_orb_chamber, layout_basic, basic_ecumenical_altar,
          serial_shops, nicolae_shop_stone
D:2:      layout_rooms, serial_bayou_lagoon_a, minmay_split_cup_large
D:3:      layout_rooms, uniq_jessica, uniq_grinder
D:4:      layout_loops_ring, minmay_shop_enchanted_jewellery, uniq_blork_the_orc

Skill      XL: |  1  2  3  4  5  6 |
---------------+-------------------+-----
Unarmed Combat | 4 5 |  5.3
Fighting       | 3 |  3.5
Throwing       | 1 2 |  2.0
Dodging        | 3 |  3.6
Stealth        | |  1.1

Action                   |  1- 3 |  4- 6 || total
-------------------------+-------+-------++-------
Melee: Unarmed           |    40 |   108 ||   148
       Punch             |     1 |     1 ||     2
Throw: Boomerang         |       |     4 ||     4
  Use: Scroll            |       |     6 ||     6
       Potion            |       |     2 ||     2
 Stab: Sleeping          |       |     1 ||     1
Armor: Robe              |     8 |    33 ||    41
Dodge: Dodged            |    18 |    51 ||    69
